 Dungeon Crawl Stone Soup version 0.30-a0-867-g305f33218d (webtiles) character file.

Game seed: 14436385950918598474

380 bmack86 the Chopper (level 6, -3/55 HPs)
             Began as a Minotaur Fighter on Mar 11, 2023.
             Was an Initiate of Okawaru.
             Killed from afar by an orc wizard (10 damage)
             ... with a magic dart
             ... on level 5 of the Dungeon.
             The game lasted 00:07:50 (3618 turns).

bmack86 the Chopper (Minotaur Fighter)              Turns: 3618, Time: 00:07:51

Health: -3/55      AC: 13    Str: 22    XL:     6   Next: 46%
Magic:  5/5        EV:  7    Int:  5    God:    Okawaru [......]
Gold:   223        SH:  4    Dex: 10    Spells: 5/5 levels left

rFire   . . .      SeeInvis .    a - +0 war axe
rCold   + . .      Faith    +    c - +0 buckler
rNeg    . . .      Spirit   .    o - +0 chain mail {rC+}
rPois   .          Reflect  .    (helmet restricted)
rElec   .          Rampage  .    m - +0 cloak
rCorr   .                        t - +1 Delatra's gloves {ID++}
Will    .....                    (no boots) Stlth
                                 j - amulet of faith
HPRegen 0.29/turn                (no ring)
MPRegen 0.09/turn                (no ring)

@: no status effects
A: horns 2, retaliatory headbutt
a: Renounce Religion


You were on level 5 of the Dungeon.
You worshipped Okawaru.
Okawaru was noncommittal.
You visited 1 branch of the dungeon, and saw 5 of its levels.

You collected 223 gold pieces.

Inventory:

Hand Weapons
 a - a +0 war axe (weapon)
Missiles
 f - 3 javelins (quivered)
Armour
 b - a +0 scale mail
 c - a +0 buckler (worn)
 m - a +0 cloak (worn)
 o - a +0 chain mail of cold resistance (worn)
 t - the +1 Delatra's gloves (worn) {ID++}
   (You found it on level 3 of the Dungeon)

   ID++:      It heals its wearer when they drink unknown potions, and restores
   their MP when they read unknown scrolls.
Jewellery
 j - an amulet of faith (around neck)
Scrolls
 i - a scroll of vulnerability
 k - a scroll of magic mapping
 l - 2 scrolls of amnesia
 n - 3 scrolls of blinking {unknown}
 p - a scroll of noise {unknown}
 q - 2 scrolls of fear {unknown}
 r - 3 scrolls of teleportation {unknown}
 s - a scroll of enchant weapon {unknown}
 u - a scroll of torment {unknown}
 v - 2 scrolls of butterflies {unknown}
Potions
 d - 5 potions of might
 e - 3 potions of resistance
 g - 4 potions of curing
 h - 2 potions of invisibility
 w - a potion of haste {unknown}
 x - a potion of mutation {unknown}
 z - a potion of berserk rage {unknown}


   Skills:
 + Level 4.9 Fighting
 * Level 5.1 Axes
 + Level 2.0 Throwing
 + Level 4.8 Armour
 + Level 4.8 Shields
 + Level 1.0 Invocations


You had 5 spell levels left.
You didn't know any spells.
Your spell library was empty.

Dungeon Overview and Level Annotations

Branches:
Dungeon (5/15)
 Temple: D:4-7

Altars:
Hepliaklqana
Kikubaaqudgha
Okawaru
Sif Muna
Uskayaw
The Shining One

Shops:
D:3 =   D:5 [


Innate Abilities, Weirdness & Mutations

You have a pair of horns on your head.
You reflexively headbutt those who attack you in melee.


Message History

The ogre hits you with a +0 giant club!
You slash the ogre!
The ogre is moderately wounded.
The ogre hits you but does no damage. The orc wizard casts a spell at you.
You resist with some effort. The orc barely misses you.
You hit the ogre. You headbutt the ogre.
The ogre is heavily wounded.
You closely miss the orc wizard. You barely miss the orc.
The orc wizard hits you but does no damage.
The orc barely misses you. You block the ogre's attack.
You slash the orc!
The orc is almost dead.
You barely miss the orc wizard. You hit the orc priest.
You hit the ogre but do no damage.
The orc wizard hits you with a +0 dagger.
The orc barely misses you.
The orc priest calls down the wrath of Beogh upon you.
Beogh smites you! The ogre completely misses you.
You closely miss the orc. Your headbutt misses the orc.
The orc is severely wounded.
You closely miss the orc priest. You hit the ogre. You slash the orc wizard!
The orc priest calls down the wrath of Beogh upon you.
Pain shoots through your body!
The orc wizard hits you but does no damage.
You block the orc's attack.
You hit the ogre but do no damage. Your headbutt misses the ogre.
The ogre is severely wounded.
You slash the orc!
You kill the orc!
Okawaru accepts your kill.
You closely miss the orc priest. You hit the orc wizard.
The orc priest hits you with a +0 mace.
The orc wizard hits you but does no damage.
The ogre hits you with a +0 giant club!
* * * LOW HITPOINT WARNING * * *
The orc priest miscasts a cantrip.
The orc wizard gestures at you while chanting.
The magic dart hits you!
You die...

###############
.....(.........
...............
...........)...
.............
.(......... ......oO.#
......)@.######
......o........#
........#######.#
........#.....#.##
........#.∩.>.#..##
........#.....#...#+####
##+####.#######.........
#.................[.....
#.......#...............


You could see an ogre, an orc priest and an orc wizard.

Vanquished Creatures
  A phantom (D:4)
  2 jellies (D:4)
  An orc priest (D:3)
  Jessica (D:2)
  An iguana (D:4)
  An orc wizard (D:3)
  Robin (D:3)
  3 adders
  A white imp (D:5)
  2 worms (D:3)
  A dart slug (D:3)
  8 orcs
  5 ball pythons
  9 endoplasms
  5 giant cockroaches
  12 goblins
  5 hobgoblins
  2 jackals (D:4)
  3 quokkas
  A bat (D:2)
  A frilled lizard (D:1)
  3 kobolds
  4 rats
73 creatures vanquished.

Notes
Turn   | Place    | Note
-------+----------+-------------------------------------------
     0 | D:1      | bmack86 the Minotaur Fighter began the quest for the Orb.
     0 | D:1      | Reached XP level 1. HP: 19/19 MP: 0/0
   330 | D:1      | Reached XP level 2. HP: 27/27 MP: 1/1
   431 | D:1      | Reached skill level 3 in Axes
   912 | D:2      | Noticed Jessica
   921 | D:2      | Killed Jessica
   922 | D:2      | Reached XP level 3. HP: 33/33 MP: 2/2
  1254 | D:3      | Found Bitra's Jewellery Shop.
  1384 | D:3      | Reached XP level 4. HP: 40/40 MP: 3/3
  1435 | D:3      | Noticed Robin
  1448 | D:3      | Killed Robin
  1449 | D:3      | Reached skill level 4 in Axes
  1449 | D:3      | Reached skill level 1 in Throwing
  2025 | D:3      | Reached XP level 5. HP: 28/47 MP: 4/4
  2105 | D:3      | Found the +1 Delatra's gloves {ID++}
  2468 | D:4      | Found a glowing golden altar of the Shining One.
  2513 | D:4      | Found an iron altar of Okawaru.
  2521 | D:4      | Became a worshipper of Warmaster Okawaru
  2620 | D:4      | Noticed a phantom
  2636 | D:4      | Killed a phantom
  2637 | D:4      | Reached skill level 5 in Axes
  2637 | D:4      | Reached XP level 6. HP: 41/55 MP: 5/5
  2820 | D:4      | Found an ancient bone altar of Kikubaaqudgha.
  2828 | D:4      | Reached skill level 1 in Invocations
  2830 | D:4      | Identified the +5 dagger of Leamune {flame, Dex+3}
  3337 | D:4      | Found a hide-covered altar of Uskayaw.
  3337 | D:4      | Found a hazy altar of Hepliaklqana.
  3338 | D:4      | Found a shimmering blue altar of Sif Muna.
  3511 | D:5      | Entered Level 5 of the Dungeon
  3584 | D:5      | Found Tejil's Antique Armour Emporium.
  3618 | D:5      | Killed from afar by an orc wizard

Illustrated notes

Levels and vault maps discovered:
D:1:      dpeg_arrival_leaves_temple_mockup, layout_basic, minmay_pentomino_o4
D:2:      layout_rooms, uniq_jessica
D:3:      layout_loops_ring, serial_shops, shop, pf_guarded_unrand_delatra,
          uniq_robin
D:4:      layout_loops_ring, kennysheep_mini_moat,
          mainiacjoe_overflow_surrounded_room, gammafunk_temple_overflow_claw,
          mainiacjoe_overflow_alcove_1, nicolae_figureground_pulse
D:5:      minmay_skewed_foursquare, layout_gridville, nicolae_take_the_stairs,
          serial_bayou_crossing, uniq_sigmund, uniq_duvessa

Skill      XL: |  1  2  3  4  5  6 |
---------------+-------------------+-----
Axes           | 3 4 5 |  5.1
Fighting       | 4 |  4.9
Armour         | 4 |  4.8
Shields        | 4 |  4.8
Throwing       | 1 2 |  2.0
Invocations    | 1 |  1.0

Action                     |  1- 3 |  4- 6 || total
---------------------------+-------+-------++-------
  Melee: War axe           |    68 |   104 ||   172
         Headbutt          |    12 |    17 ||    29
    Use: Scroll            |     3 |     3 ||     6
 Armour: Scale mail        |    36 |       ||    36
         Chain mail        |     4 |    82 ||    86
  Dodge: Dodged            |    34 |    30 ||    64
  Block: Buckler           |    10 |    24 ||    34

Table legend: (Time is in decaauts)
 A = Elapsed time spent in this place.
 B = Non-inter-level travel time spent in this place.
 C = Inter-level travel time spent in this place.
 D = Time resting spent in this place.
 E = Time spent auto-exploring this place.
 F = Levels seen in this place.
 G = Mean time per level.
                   A        B        C        D        E       F      G
               +--------+--------+--------+--------+--------+-----+--------+
         Total |   3674 |   3593 |     81 |     83 |   2647 |   5 |  734.8 |
       Dungeon |   3674 |   3593 |     81 |     83 |   2647 |   5 |  734.8 |
               +--------+--------+--------+--------+--------+-----+--------+

Top non-repeatable levels by time:
     D:3: 1246 daAuts
     D:4: 1066 daAuts
     D:1: 790 daAuts
     D:2: 463 daAuts
     D:5: 108 daAuts
